 Dungeon Crawl Stone Soup version 0.27-a0-54-g64bdb92e38 (webtiles) character file.

Game seed: 6338075931640744116

280 Borgoz the Slasher (level 6, 0/53 HPs)
             Began as a Hill Orc Monk on Jan 7, 2021.
             Slain by a scorpion (2 damage)
             ... on level 4 of the Dungeon.
             The game lasted 00:04:18 (3368 turns).

Borgoz the Slasher (Hill Orc Monk)                  Turns: 3368, Time: 00:04:18

Health: 0/53       AC:  8    Str: 15    XL:     6   Next: 27%
Magic:  6/6        EV: 11    Int: 10    God:
Gold:   171        SH:  0    Dex: 14    Spells: 5/5 levels left

rFire    . . .     SeeInvis .   a - +0 falchion
rCold    . . .     Faith    .   (no shield)
rNeg     . . .     Spirit   .   h - +0 scale mail
rPois    .         Reflect  .   (no helmet)
rElec    .         Harm     .   (no cloak)
rCorr    .         Rampage  .   (no gloves)
Will     .....                  (no boots)
Stlth    ..........             (no amulet)
HPRegen  0.17/turn              (no ring)
MPRegen  0.10/turn              (no ring)

@: flying
A: yellow scales 1, sense surroundings 1, wild magic 1
a: no special abilities


You were on level 4 of the Dungeon.
You visited 1 branch of the dungeon, and saw 5 of its levels.

You collected 171 gold pieces.

Inventory:

Hand Weapons
 a - a +0 falchion (weapon)
 b - a +0 dagger of speed
 m - a +1 rapier of venom
Armour
 h - a +0 scale mail (worn)
Scrolls
 g - 2 scrolls of amnesia {unknown}
 i - a scroll of blinking {unknown}
 k - 2 scrolls of immolation {unknown}
 l - 5 scrolls of teleportation
Potions
 c - a potion of heal wounds


   Skills:
 + Level 4.7 Fighting
 * Level 5.1 Long Blades
 + Level 2.3 Armour
 * Level 3.7 Dodging
 - Level 1.5 Stealth


You had 5 spell levels left.
You didn't know any spells.
Your spell library was empty.

Dungeon Overview and Level Annotations

Branches:
Dungeon (5/15)
 Temple: D:4-7

Altars:
Elyvilon
Uskayaw


Innate Abilities, Weirdness & Mutations

You are partially covered in yellow scales. (AC +2)
You passively map a small area around you.
Your spells are a little harder to cast, but a little more powerful.


Message History

You closely miss the scorpion.
The scorpion is lightly wounded.
The scorpion barely misses you.
You barely miss the scorpion.
The scorpion is lightly wounded.
The scorpion closely misses you.
You riposte.
You hit the scorpion but do no damage.
The scorpion is lightly wounded.
You hit the scorpion but do no damage.
The scorpion is lightly wounded.
The scorpion stings you.
* * * LOW HITPOINT WARNING * * *
You hit the scorpion.
The scorpion is moderately wounded.
The scorpion stings you!
* * * LOW HITPOINT WARNING * * *
You hit the scorpion.
The scorpion is heavily wounded.
The scorpion stings you.
You die...

,, ,, , * * ,
......... , *
....... * ,
,...... * #
,.... * #. ,
,... , * * #.. *
#.#### *
###$..####h...#
, , ,
.......@shh...+
, , *
*###########...#
...#* ....B
,s...... *,
....... .......*
, *, ....... , ,
,


You could see a scorpion and 3 jackals.

Vanquished Creatures
  Purgy (D:4)
  3 worker ants (D:4)
  5 adders
  An ooze (D:1)
  3 worms
  2 leopard geckos (D:2)
  4 orcs (D:3)
  3 ball pythons
  3 giant cockroaches
  7 goblins
  7 hobgoblins
  A jackal (D:4)
  2 quokkas
  8 bats
  A frilled lizard (D:2)
  4 kobolds
  A quokka skeleton (D:5)
  6 rats
62 creatures vanquished.

Vanquished Creatures (others)
  A goblin (D:2)
  6 plants (D:5)
7 creatures vanquished.

Grand Total: 69 creatures vanquished

Notes
Turn   | Place    | Note
-------+----------+-------------------------------------------
     0 | D:1      | Borgoz the Hill Orc Monk began the quest for the Orb.
     0 | D:1      | Reached XP level 1. HP: 19/19 MP: 1/1
    93 | D:1      | Reached XP level 2. HP: 25/27 MP: 2/2
   932 | D:2      | Reached XP level 3. HP: 19/33 MP: 3/3
  1068 | D:2      | Found a white marble altar of Elyvilon.
  1287 | D:2      | Reached skill level 1 in Armour
  1510 | D:2      | Reached skill level 4 in Long Blades
  1562 | D:2      | Reached XP level 4. HP: 27/40 MP: 4/4
  2469 | D:3      | Found a faded altar of an unknown god.
  2612 | D:3      | Found a hide-covered altar of Uskayaw.
  2994 | D:3      | Reached XP level 5. HP: 22/46 MP: 1/5
  3227 | D:3      | You fall into a shaft and drop 2 floors!
  3227 | D:5      | Entered Level 5 of the Dungeon
  3309 | D:4      | Noticed Purgy
  3328 | D:4      | Gained mutation: You are partially covered in yellow
                  | scales. (AC +2) [potion of mutation]
  3328 | D:4      | Gained mutation: Your spells are a little harder to cast,
                  | but a little more powerful. [potion of mutation]
  3328 | D:4      | Gained mutation: You passively map a small area around you.
                  | [potion of mutation]
  3338 | D:4      | Killed Purgy
  3339 | D:4      | Reached XP level 6. HP: 39/53 MP: 6/6
  3348 | D:4      | Reached skill level 5 in Long Blades
  3367 | D:4      | HP: 2/53 [scorpion (7)]
  3368 | D:4      | Slain by a scorpion

Illustrated notes

Levels and vault maps discovered:
D:1:      saegor_arrival_simple_c, layout_basic,
          hangedman_abyss_or_decor_lesser_grid
D:2:      kb_forest_paths, layout_basic, elyvilon_altar_4,
          nicolae_overflow_hidden_temple
D:3:      layout_basic, lemuel_round_altar, chequers_ecumenical_altar_island
D:4:      layout_basic, kennysheep_big_empty_room, uniq_purgy
D:5:      wad_woods_stonehenge, layout_basic, kennysheep_generic_room_2,
          uniq_pikel, uniq_duvessa

Skill      XL: |  1  2  3  4  5  6 |
---------------+-------------------+-----
Fighting       | 4 |  4.7
Armour         | 1 2 |  2.3
Long Blades    | 4 5 |  5.1
Dodging        | 3 |  3.7
Stealth        | |  1.5

Action                   |  1- 3 |  4- 6 || total
-------------------------+-------+-------++-------
Melee: Falchion          |   100 |   159 ||   259
  Use: Scroll            |     4 |     1 ||     5
       Potion            |       |     5 ||     5
Armor: Robe              |     3 |       ||     3
       Scale mail        |    34 |    78 ||   112
Dodge: Dodged            |    71 |   105 ||   176
       Rpst.: Falchion   |    30 |    30 ||    60

Table legend: (Time is in decaauts)
 A = Elapsed time spent in this place.
 B = Non-inter-level travel time spent in this place.
 C = Inter-level travel time spent in this place.
 D = Time resting spent in this place.
 E = Time spent auto-exploring this place.
 F = Levels seen in this place.
 G = Mean time per level.
                   A        B        C        D        E       F      G
               +--------+--------+--------+--------+--------+-----+--------+
         Total |   3392 |   3336 |     56 |    499 |   2273 |   5 |  678.4 |
       Dungeon |   3392 |   3336 |     56 |    499 |   2273 |   5 |  678.4 |
               +--------+--------+--------+--------+--------+-----+--------+

Top non-repeatable levels by time:
     D:2: 1379 daAuts
     D:1: 1051 daAuts
     D:3: 819 daAuts
     D:5: 79 daAuts
     D:4: 63 daAuts
